AoeStats
← GandalfTheRipper

Black Forest

508491264Analyzed
4v4 RM · 10d ago on Sep 22, 2026· 85m 0s· 8 players
Game mode
Random Map
Map size
Large (8 player)
Population
200
Speed
Normal
Resources
Standard
Victory
Conquest
Starting age
Dark Age
Ending age
Imperial Age
RankedLock teamsTeams togetherTeam positionsShared explorationLock speedFull tech treeHidden civsTurbo modeCheats
Victory
Defeat
🇹🇷 Bulgarians · Türkiye
440
+15
🇹🇷 Britons · Türkiye
380
+17
🇹🇷 Cumans · Türkiye
375
+17
🇹🇷 Bohemians · Türkiye
351
+18
🇺🇸 Italians · United States
571
-23
🇺🇸 Celts · United States
478
-20
🇷🇺 Goths · Russia
314
-13
🇺🇸 Britons · United States
271
-11
DRdaykhair
0:28 Loom
13:19 Feudal Age
14:36 Wheelbarrow
13:47 Town Watch
14:16 Double-Bit Axe
14:20 Horse Collar
18:02 Gold Mining
18:30 Stone Mining
24:43 Fletching
25:55 Padded Archer Armor
26:42 Scale Mail Armor
28:20 Forging
28:18 Scale Barding Armor
33:39 Castle Age
34:43 Hand Cart
34:29 Town Patrol
34:53 Heavy Plow
35:37 Bow Saw
36:53 Leather Archer Armor
36:07 Elite Skirmisher
36:11 Crossbowman
37:43 Coinage
37:45 Caravan
38:38 Crossbowman
39:21 Bodkin Arrow
40:41 Gold Shaft Mining
39:46 Pikeman
40:13 Gambesons
41:11 Guard Tower
41:03 Treadmill Crane
41:26 Murder Holes
42:08 Chain Mail Armor
44:18 Iron Casting
44:04 Chain Barding Armor
43:52 Squires
43:38 Arson
48:17 Imperial Age
46:12 Yeomen
48:21 Fortified Wall
48:23 Masonry
48:34 Ballistics
48:06 Heated Shot
52:06 Cranequins
54:14 Hoardings
54:01 Conscription
53:43 Warwolf
54:36 Arrowslits
55:29 Keep
DR.Eckl
13:18 Feudal Age
13:46 Horse Collar
13:56 Double-Bit Axe
14:50 Wheelbarrow
24:26 Castle Age
22:43 Scale Mail Armor
22:54 Forging
23:55 Stone Mining
23:58 Gold Mining
26:02 Hand Cart
26:48 Stone Shaft Mining
26:17 Heavy Plow
26:33 Bow Saw
30:22 Sanctity
34:22 Anarchy
37:21 Imperial Age
38:30 Conscription
37:31 Elite Huskarl
38:12 Perfusion
37:43 Sappers
40:02 Two-Man Saw
39:35 Crop Rotation
45:40 Chain Mail Armor
46:01 Iron Casting
48:18 Ballistics
48:59 Chemistry
48:10 Masonry
47:56 Murder Holes
47:44 Treadmill Crane
51:00 Onager
54:22 Architecture
GandalfTheRipper
0:45 Loom
18:19 Feudal Age
26:54 Castle Age
25:22 Horse Collar
25:32 Double-Bit Axe
27:53 Bow Saw
28:15 Gold Mining
30:17 Heavy Plow
35:31 Caravan
36:58 Pikeman
37:24 Gambesons
38:06 Stone Mining
38:57 Gold Shaft Mining
42:35 Stone Shaft Mining
46:48 Scale Mail Armor
46:58 Forging
49:22 Imperial Age
47:40 Stronghold
49:25 Halberdier
49:53 Arson
50:32 Chain Mail Armor
50:52 Iron Casting
52:14 Plate Mail Armor
61:24 Blast Furnace
66:29 Elite Woad Raider
70:29 Hoardings
hubssha2
2:32 Loom
11:47 Feudal Age
12:39 Double-Bit Axe
17:01 Castle Age
18:54 Bow Saw
25:16 Caravan
27:01 Wheelbarrow
30:45 Hand Cart
34:57 Imperial Age
33:43 Fortified Wall
35:46 Scale Barding Armor
35:42 Scale Mail Armor
35:53 Forging
35:14 Elite Genoese Crossbowman
37:33 Two-Man Saw
37:23 Chain Barding Armor
38:51 Chemistry
38:18 Elite Skirmisher
38:22 Pikeman
45:20 Iron Casting
45:01 Chain Mail Armor
45:22 Plate Barding Armor
48:48 Plate Mail Armor
49:19 Blast Furnace
49:35 Padded Archer Armor
49:28 Fletching
52:30 Leather Archer Armor
60:51 Ring Archer Armor
Burak
6:48 Loom
12:48 Feudal Age
13:14 Double-Bit Axe
16:34 Wheelbarrow
17:22 Fishing Lines
18:31 Horse Collar
22:40 Castle Age
25:51 Squires
25:37 Gambesons
26:01 Scale Barding Armor
25:57 Scale Mail Armor
26:34 Stone Mining
26:34 Gold Mining
26:45 Gold Mining
26:46 Horse Collar
28:03 Heavy Plow
28:44 Husbandry
29:03 Arson
30:21 Bloodlines
30:17 Padded Archer Armor
31:41 Gold Shaft Mining
31:41 Stone Shaft Mining
33:02 Stirrups
33:31 Bow Saw
34:21 Hand Cart
35:35 Caravan
36:31 Thumb Ring
37:05 Chain Barding Armor
37:00 Chain Mail Armor
36:56 Forging
36:37 Fletching
41:06 Imperial Age
39:25 Town Watch
40:55 Elite Skirmisher
40:58 Pikeman
42:13 Conscription
41:57 Bagains
41:18 Elite Konnik
46:25 Parthian Tactics
45:21 Heavy Cavalry Archer
48:07 Onager
49:50 Plate Mail Armor
49:56 Plate Barding Armor
49:18 Bodkin Arrow
50:01 Heavy Scorpion
53:51 Halberdier
59:54 Leather Archer Armor
67:57 Iron Casting
67:23 Bracer
68:16 Masonry
78:40 Blast Furnace
80:35 Chemistry
Berkay_co
13:33 Feudal Age
14:44 Horse Collar
14:53 Double-Bit Axe
15:47 Wheelbarrow
15:55 Gold Mining
22:24 Stone Mining
24:47 Castle Age
23:10 Man-at-Arms
25:54 Hand Cart
26:17 Long Swordsman
29:35 Forging
29:26 Scale Mail Armor
29:29 Padded Archer Armor
30:13 Bow Saw
30:50 Gold Shaft Mining
32:13 Gambesons
35:05 Ballistics
37:41 Imperial Age
36:13 Masonry
36:14 Fortified Wall
37:27 Yeomen
39:32 Chemistry
38:33 Murder Holes
39:10 Architecture
39:01 Leather Archer Armor
38:37 Fletching
39:23 Iron Casting
40:08 Two-Man Saw
39:12 Heavy Plow
40:12 Conscription
40:51 Elite Longbowman
42:12 Hoardings
42:19 Hoardings
41:32 Two-Handed Swordsman
42:26 Caravan
43:22 Treadmill Crane
48:52 Champion
54:34 Capped Ram
57:50 Ring Archer Armor
57:15 Bodkin Arrow
57:36 Chain Mail Armor
57:58 Coinage
MCK
12:28 Feudal Age
13:03 Horse Collar
13:11 Double-Bit Axe
16:11 Wheelbarrow
23:44 Castle Age
27:27 Hand Cart
27:16 Heavy Plow
27:44 Bow Saw
37:26 Imperial Age
35:25 Ballistics
36:06 Chemistry
38:06 Elite Hussite Wagon
39:01 Wagenburg Tactics
39:23 Conscription
57:20 Forging
57:01 Fletching
57:11 Padded Archer Armor
57:11 Scale Mail Armor
57:17 Scale Barding Armor
58:15 Caravan
63:11 Leather Archer Armor
62:51 Bodkin Arrow
63:32 Iron Casting
67:29 Guilds
75:43 Ring Archer Armor
76:14 Blast Furnace
75:14 Bracer
81:09 Coinage
Mami1545
14:27 Feudal Age
15:12 Horse Collar
18:09 Double-Bit Axe
22:37 Gold Mining
22:42 Stone Mining
28:09 Castle Age
28:26 Wheelbarrow
27:36 Town Watch
27:37 Loom
29:04 Bow Saw
29:32 Gold Shaft Mining
29:01 Heavy Plow
29:09 Scale Barding Armor
29:15 Forging
29:05 Scale Mail Armor
29:54 Arson
30:12 Squires
29:33 Pikeman
29:33 Man-at-Arms
32:45 Long Swordsman
34:29 Ballistics
34:25 Capped Ram
38:45 Imperial Age
36:31 Hand Cart
37:38 Town Patrol
37:58 Hand Cart
38:36 Chain Barding Armor
38:32 Chain Mail Armor
38:52 Iron Casting
38:42 Masonry
40:31 Two-Man Saw
40:20 Crop Rotation
39:47 Elite Steppe Lancer
40:00 Light Cavalry
40:51 Bloodlines
41:38 Cuman Mercenaries
41:39 Steppe Husbandry
42:36 Plate Barding Armor
42:49 Plate Mail Armor
42:44 Two-Handed Swordsman
42:45 Halberdier
44:32 Cavalier
47:58 Champion
48:08 Paladin
48:36 Siege Ram
63:48 Sappers
64:55 Hoardings
64:45 Conscription
67:53 Chemistry
81:06 Spies/Treason
82:38 Elite Kipchak
83:16 Heated Shot
83:22 Murder Holes
83:41 Fervor
83:32 Devotion
Connection lost

Rejoining the realm…

Still unreachable

The connection could not be restored.

Session expired

The server has moved on; the page needs a fresh start.